AoeStats
← OmarGutieG

Arabia

509163082Analyzed
2v2 RM · 6d ago on Sep 25, 2026· 32m 21s· 4 players
Game mode
Random Map
Map size
Medium (4 player)
Population
200
Speed
Normal
Resources
Standard
Victory
Conquest
Starting age
Dark Age
Ending age
Imperial Age
RankedLock teamsTeams togetherTeam positionsShared explorationLock speedFull tech treeHidden civsTurbo modeCheats
Victory
Defeat
🇪🇸 Vietnamese · Spain
1341
+17
🇨🇭 Persians · Switzerland
1321
+18
🇲🇽 Goths · Mexico
1371
-18
🇲🇽 Hindustanis · Mexico
1360
-17
Makina
5:15 Loom
8:26 Feudal Age
9:21 Double-Bit Axe
19:34 Castle Age
17:57 Forging
18:08 Scale Barding Armor
17:58 Horse Collar
19:25 Wheelbarrow
18:59 Gold Mining
20:41 Chain Barding Armor
20:33 Bloodlines
30:11 Iron Casting
30:29 Bow Saw
32:36 Hand Cart
LaPatataVoladora
6:40 Loom
9:25 Feudal Age
11:05 Double-Bit Axe
14:22 Fletching
18:39 Wheelbarrow
18:20 Horse Collar
24:21 Castle Age
25:05 Bodkin Arrow
24:32 Crossbowman
26:37 Hand Cart
29:09 Padded Archer Armor
29:37 Gold Mining
29:58 Thumb Ring
31:39 Ballistics
armigame1
7:15 Loom
9:11 Feudal Age
21:08 Castle Age
21:59 Pikeman
29:39 Double-Bit Axe
29:39 Horse Collar
OmarGutieG
6:49 Loom
8:59 Feudal Age
14:33 Forging
14:26 Double-Bit Axe
16:25 Scale Barding Armor
19:20 Padded Archer Armor
23:17 Castle Age
24:27 Bloodlines
25:12 Scale Barding Armor
27:54 Chain Barding Armor
30:19 Horse Collar
32:04 Wheelbarrow
Connection lost

Rejoining the realm…

Still unreachable

The connection could not be restored.

Session expired

The server has moved on; the page needs a fresh start.